 Dungeon Crawl Stone Soup version 0.30.0 (webtiles) character file.

Game seed: 2587649670693229661

140 Esekla the Cutter (level 5, -2/43 (45) HPs)
             Began as a Draconian Wanderer on May 6, 2023.
             Killed by miscasting Vampiric Draining (10 damage)
             ... on level 3 of the Dungeon.
             The game lasted 00:10:05 (1890 turns).

Esekla the Cutter (Draconian Wanderer)              Turns: 1890, Time: 00:10:06

HP:   -2/43 (45)    AC:  5    Str: 15    XL:     5   Next: 2%
MP:   2/8           EV: 16    Int: 13    God:
Gold: 88            SH:  4    Dex: 11    Spells: 2/8 levels left

rFire   + . .        a - +2 short sword
rCold   . . .        b - +0 buckler
rNeg    . . .        (body armour unavailable)
rPois   .            (helmet restricted)
rElec   .            (no cloak)
rCorr   .            (no gloves)
SInv    .            (no boots)
Will    .....        (no amulet)
Stlth   +            e - +5 ring of evasion
HPRegen 0.27/turn    m - ring of protection from fire
MPRegen 0.11/turn

%: no passive effects
@: very slightly contaminated, lightly drained
A: AC +5, unfitting armour, cold-blooded
a: no special abilities


You were on level 3 of the Dungeon.
You visited 1 branch of the dungeon, and saw 3 of its levels.

You collected 88 gold pieces.

Inventory:

Hand Weapons
 a - a +2 short sword (weapon)
Armour
 b - a +0 buckler (worn)
Magical Staves
 d - a staff of death
Jewellery
 e - a +5 ring of evasion (left hand)
 m - a ring of protection from fire (right hand)
Scrolls
 f - a scroll of torment {unknown}
 g - a scroll of enchant armour {unknown}
 i - 2 scrolls of teleportation
 j - a scroll of fog {unknown}
Potions
 c - 2 potions of curing {unknown}
 h - a potion of attraction {unknown}
 k - a potion of heal wounds {unknown}
 l - a potion of might {unknown}


   Skills:
 + Level 3.6 Fighting
 + Level 4.0 Short Blades
 + Level 0.8 Dodging
 + Level 0.2 Stealth
 * Level 1.7 Shields
 * Level 2.4 Spellcasting
 * Level 1.5 Necromancy
 * Level 2.0 Translocations


You had 2 spell levels left.
You knew the following spells:

 Your Spells              Type           Power      Damage    Failure   Level
a - Kiss of Death         Conj/Necr      12%        2d6       24%         1
b - Blink                 Tloc           12%        N/A       22%         2
d - Vampiric Draining     Necr           5%         2d6       45%         3

Your spell library contained the following spells:

 Spells                   Type           Power      Damage    Failure   Level
 Lesser Beckoning         Tloc           12%        N/A       22%         2
 Freeze                   Ice            4%         1d3       32%         1
 Momentum Strike          Conj/Tloc      8%         3d8       32%         2
 Gell's Gravitas          Tloc           6%         N/A       38%         3
 Teleport Other           Tloc           6%         N/A       38%         3
 Frozen Ramparts          Ice            2%         1d1       67%         3
 Hailstorm                Conj/Ice       1%         3d3       67%         3
 Dispersal                Tloc           3%         N/A       100%        6


Dungeon Overview and Level Annotations

Branches:
Dungeon (3/15)

Altars:

Annotations:
D:2 Sigmund


Innate Abilities, Weirdness & Mutations

Your plain brown scales are hard. (AC +5)
You cannot fit into any form of body armour.
You are cold-blooded and may be slowed by cold attacks.


Message History

The gnoll hits you with a +0 spear.
You barely miss the gnoll.
The gnoll is almost dead.
You hit the gnoll.
The gnoll is almost dead.
The gnoll hits you with a +0 spear.
Cast which spell? (? or * to list)
The spell is quite dangerous to miscast (45% risk of failure)!
Continue anyway?
Aiming: Vampiric Draining (quite dangerous; 45% risk of failure)
Press: ? - help, Shift-Dir - straight line, f - gnoll
Aim: a gnoll, wielding a +0 spear (almost dead)
You draw life force from the gnoll!
You kill the gnoll!
Your Short Blades skill increases to level 4!
Your Translocations skill increases to level 2!
You have reached level 5!
The gnoll attacks as you move away! The gnoll hits you with a +0 club.
* * * LOW HITPOINT WARNING * * *
As you read the scroll of teleportation, it crumbles to dust.
You feel strangely unstable. The gnoll misses you.
The gnoll attacks as you move away! The gnoll hits you with a +0 club!
* * * LOW HITPOINT WARNING * * *
The gnoll attacks as you move away! The gnoll closely misses you.
Your surroundings suddenly seem different.
An adder comes into view.
Found a scroll labelled BAOHAO DAOTOW and a copper ring.
You hit the adder.
The adder is lightly wounded.
The adder bites you but does no damage.
Casting: Vampiric Draining (quite dangerous; 45% risk of failure)
Confirm with . or Enter, or press ? or * to list all spells.
The spell is quite dangerous to miscast (45% risk of failure)!
Continue anyway?
Aiming: Vampiric Draining (quite dangerous; 45% risk of failure)
Press: ? - help, Shift-Dir - straight line, f - adder
Aim: an adder (lightly wounded)
You miscast Vampiric Draining.
You are very lightly contaminated with residual magic.
The world around you seems to dim momentarily!
You feel drained.
You die...

#..##.. ...........
#... ... .##.#.#.#.#
#.#......
#####.##.=?....#
#.###. ####..#..
#.#.#.#.#
...#....###.......##
#.#.......##......#
#............##.#
####.......###..# #
#....@S....# #...#
############ ..#.#
#.#.# ..#.# ..#.# .#


You could see an adder.

Vanquished Creatures
  3 adders (D:2)
  4 gnolls (D:3)
  A worm (D:2)
  5 dart slugs
  5 bats (D:1)
  A bat zombie (D:2)
  3 endoplasms
  A giant cockroach (D:2)
  6 hobgoblins
  9 jackals
  A quokka (D:1)
  2 ball pythons
  A ball python skeleton (D:2)
  2 ball python zombies (D:2)
  4 frilled lizards
  2 goblins (D:1)
  6 kobolds
  2 quokka skeletons (D:2)
  7 rats
65 creatures vanquished.

Vanquished Creatures (others)
  3 withered plants (D:2)
3 creatures vanquished.

Grand Total: 68 creatures vanquished

Notes
Turn   | Place    | Note
-------+----------+-------------------------------------------
     0 | D:1      | Esekla the Draconian Wanderer began the quest for the Orb.
     0 | D:1      | Esekla set off with the following items: a +2 short sword,
                  | a +0 buckler, a scroll of teleportation; and the following
                  | spell memorised: Kiss of Death; and the following spells
                  | available to memorise: Vampiric Draining.
     0 | D:1      | Reached XP level 1. HP: 19/19 MP: 3/3
   203 | D:1      | Reached skill level 1 in Translocations
   203 | D:1      | Reached XP level 2. HP: 19/26 MP: 5/5
   210 | D:1      | Learned a level 2 spell: Blink
   504 | D:1      | Reached XP level 3. HP: 30/31 MP: 6/6
   961 | D:2      | Noticed Sigmund
  1241 | D:2      | Reached XP level 4. HP: 30/39 MP: 7/7
  1741 | D:2      | Learned a level 3 spell: Vampiric Draining
  1873 | D:3      | Reached skill level 4 in Short Blades
  1873 | D:3      | Reached XP level 5. HP: 14/45 MP: 4/8
  1890 | D:3      | Killed by miscasting Vampiric Draining

Illustrated notes

Levels and vault maps discovered:
D:1:      lemuel_arrival_rhombus, layout_rooms, minivault_23
D:2:      layout_loops_ring, serial_undead, serial_undead_f, serial_undead_f,
          serial_undead_c, serial_undead_d, serial_undead_e, uniq_sigmund
D:3:      cheibrodos_greedy_goblins, layout_rooms, serial_co_window_serial,
          co_window_paths_b, co_window_paths_a, co_window_of_opportunity_a,
          co_window_paths_a, co_window_corner_a, co_window_of_opportunity_a,
          co_window_of_opportunity_a, co_window_broadway_a,
          co_window_of_opportunity_c, co_window_2corner, glass_columns_b,
          glass_columns_a, glass_columns_a

Skill      XL: |  1  2  3  4 |
---------------+-------------+-----
Translocations | 1 2 |  2.0
Short Blades   | 4 |  4.0
Fighting       | |  3.6
Dodging        | |  0.8
Stealth        | |  0.2
Shields        | |  1.7
Spellcasting   | |  2.4
Necromancy     | |  1.5

Action                     |  1- 3 |  4- 6 || total
---------------------------+-------+-------++-------
  Melee: Short sword       |   170 |    72 ||   242
         Tailslap          |    27 |    11 ||    38
  Throw: Throwing net      |       |     1 ||     1
   Cast: Vampiric Draining |       |     1 ||     1
    Use: Scroll            |     1 |     1 ||     2
   Stab: Held in net/web   |       |     1 ||     1
 Armour: Skin              |    36 |    10 ||    46
  Dodge: Dodged            |   136 |    41 ||   177
  Block: Buckler           |    20 |     8 ||    28
